 Dungeon Crawl Stone Soup version 0.25.1-2-g60ff931df9 (webtiles) character file.

Game seed: 10534231406524889909

65 gruber the Grave Robber (level 3, 0/24 HPs)
             Began as a Vampire Necromancer on Sept 14, 2020.
             Killed by nerve-wracking pain
             ... invoked by Jessica
              (5 damage)
             ... on level 2 of the Dungeon.
             The game lasted 00:02:27 (1387 turns).

gruber the Grave Robber (Vampire Necromancer)       Turns: 1387, Time: 00:02:27

Health: 0/24       AC:  2    Str:  7    XL:     3   Next: 94%
Magic:  1/7        EV: 12    Int: 18    God:
Gold:   63         SH:  0    Dex: 14    Spells: 5/7 levels left

rFire    . . .     SeeInvis +   d - +0 dagger (freeze)
rCold    . . .     Gourm    .   (no shield)
rNeg     . . .     Faith    .   a - +0 robe
rPois    .         Spirit   .   (no helmet)
rElec    .         Reflect  .   (no cloak)
rCorr    .         Harm     .   (no gloves)
MR       .....                  (no boots)
Stlth    ++........             (no amulet)
HPRegen  0.28/turn              (no ring)
MPRegen  0.10/turn              (no ring)

@: regenerating quickly
A: no food, fangs 3, see invisible, unbreathing
a: Exsanguinate


You were on level 2 of the Dungeon.
You were alive.

You visited 1 branch of the dungeon, and saw 2 of its levels.

You collected 63 gold pieces.

Inventory:

Hand Weapons
 c - a +0 short sword
 d - a +0 dagger of freezing (weapon)
Armour
 a - a +0 robe (worn)
Jewellery
 j - an uncursed ring of wizardry {unknown}
Scrolls
 b - a scroll of teleportation {unknown}
 h - a scroll of enchant armour {unknown}
 i - 2 scrolls of identify {unknown}
Potions
 e - a potion of magic {unknown}
 f - a potion of lignification {unknown}
 g - a potion of flight {unknown}


   Skills:
 - Level 2.1 Dodging
 - Level 3.0 Stealth
 + Level 2.8 Spellcasting
 + Level 5.5 Necromancy


You had 5 spell levels left.
You knew the following spells:

 Your Spells              Type           Power        Failure   Level  Hunger
a - Pain                  Necr           ###.         1%          1    N/A
b - Animate Skeleton      Necr           N/A          1%          1    N/A

Your spell library contained the following spells:

 Spells                   Type           Power        Failure   Level  Hunger
 Vampiric Draining        Necr           ###.......   4%          3    N/A
 Animate Dead             Necr           N/A          17%         4    N/A
 Agony                    Necr           ###.....     43%         5    N/A

Dungeon Overview and Level Annotations

Branches:
Dungeon (2/15)

Altars:
Okawaru
The Shining One

Annotations:
D:2 Jessica


Innate Abilities, Weirdness & Mutations

You do not eat.
Your natural rate of healing is unusually fast.
You have razor-sharp teeth.
You have supernaturally acute eyesight. (SInv)
You can survive without breathing.


Message History

You see here a giant cockroach corpse.
Casting: Pain (safe; 1% risk of failure)
Confirm with . or Enter, or press ? or * to list all spells.
Aiming: Pain (safe; 1% risk of failure)
Press: ? - help, Shift-Dir - straight line, f - Jessica
Aim: Jessica, wearing a +0 robe (chance to defeat MR: 87%) Jessica writhes in agony.
Jessica hits you.
* * * LOW HITPOINT WARNING * * *
The goblin hits your frilled lizard skeleton.
Your frilled lizard skeleton is destroyed!
Unknown command.
Casting: Pain (safe; 1% risk of failure)
Confirm with . or Enter, or press ? or * to list all spells.
Aiming: Pain (safe; 1% risk of failure)
Press: ? - help, Shift-Dir - straight line, f/p - Jessica
Aim: Jessica, wearing a +0 robe (moderately wounded, chance to defeat MR: 87%) Jessica writhes in agony!
Jessica gestures at you while chanting. Pain shoots through your body!
You die...

#.'. #.#. ..?. #.## .......
#####+###########.#
#.......##.................#
#.......##......(#####.#####
#.......##.......##......#
#.......##.((............##
#.........g@@.....##.##...#
#.................#...#...#
#.....(.................#
#.....#..........._.....#
#.....#.................#
#.....#.........#...#..##
#.....#.........##.##.##
#.....#...............#
#.....#.........#...###


You could see Jessica and a goblin.

Vanquished Creatures
  A gnoll (D:1)
  An ooze (D:1)
  5 dart slugs
  2 leopard geckos (D:1)
  8 bats
  2 giant cockroaches
  3 goblins (D:1)
  4 hobgoblins
  A ball python (D:2)
  3 frilled lizards
  3 kobolds (D:1)
  7 rats
40 creatures vanquished.

Notes
Turn   | Place    | Note
-------+----------+-------------------------------------------
     0 | D:1      | gruber the Vampire Necromancer began the quest for the Orb.
     0 | D:1      | Reached XP level 1. HP: 13/13 MP: 3/3
   214 | D:1      | Reached XP level 2. HP: 19/19 MP: 3/5
   258 | D:1      | Reached skill level 5 in Necromancy
   449 | D:1      | Learned a level 1 spell: Animate Skeleton
   496 | D:1      | Reached XP level 3. HP: 23/24 MP: 3/6
  1014 | D:1      | Found a glowing golden altar of the Shining One.
  1254 | D:2      | Found an iron altar of Okawaru.
  1372 | D:2      | Noticed Jessica
  1387 | D:2      | Killed from afar by Jessica

Illustrated notes

Levels and vault maps discovered:
D:1:      dpeg_arrival_water_altar, layout_basic, hangedman_decor_push,
          minmay_misc_feat_doors, corner_web_ring
D:2:      layout_basic, okawaru_gym_becter, nicolae_overflow_hidden_temple,
          minmay_tripent, uniq_jessica

Skill      XL: |  1  2 |
---------------+-------+-----
Necromancy     | 5 |  5.5
Dodging        | |  2.1
Stealth        | |  3.0
Spellcasting   | |  2.8

Action                   || total
-------------------------++-------
Melee: Dagger            ||    28
 Cast: Pain              ||    64
       Animate Skeleton  ||     2
 Stab: Sleeping          ||     3
Armor: Robe              ||     6
Dodge: Dodged            ||    31
